 Dungeon Crawl Stone Soup version 0.30-a0-672-gc3a7216ad8 (console) character file.

Game seed: 16430615115657301359

2 petzl the Sneak (level 1, -4/18 HPs)
             Began as a Formicid Delver on Jan 18, 2023.
             Slain by a gnoll
             ... wielding a +0 halberd
              (11 damage)
             ... on level 2 of the Dungeon.
             The game lasted 00:00:53 (85 turns).

petzl the Sneak (Formicid Delver)                     Turns: 85, Time: 00:00:53

Health: -4/18      AC:  3    Str: 16    XL:     1   Next: 44%
Magic:  2/2        EV:  9    Int:  9    God:
Gold:   17         SH:  0    Dex: 15    Spells: 1/1 levels left

rFire   . . .      SeeInvis +    h - +0 quarterstaff
rCold   . . .      Faith    .    (no shield)
rNeg    . . .      Spirit   .    b - +0 leather armour
rPois   .          Reflect  .    (helmet unavailable)
rElec   .          Harm     .    (no cloak)
rCorr   .          Rampage  .    (no gloves)
Will    .....                    (no boots)
Stlth   +++                      (no amulet)
HPRegen 0.23/turn                (no ring)
MPRegen 0.08/turn                (no ring)

@: constricted
A: permanent stasis, dig shafts and tunnels, antennae 3, four strong arms
a: Dig, Shaft Self


You were on level 2 of the Dungeon.
You visited 1 branch of the dungeon, and saw 4 of its levels.

You collected 17 gold pieces.

Inventory:

Hand Weapons
 a - a +0 mace
 h - a +0 quarterstaff (weapon)
Missiles
 i - 7 stones
Armour
 b - a +0 leather armour (worn)
Wands
 g - a wand of digging (3)
Scrolls
 c - a scroll of fog
 d - a scroll of magic mapping
 e - a scroll of fear
 j - 3 scrolls of identify {unknown}
Potions
 f - a potion of haste


   Skills:
 - Level 3.2 Fighting
 - Level 2.0 Maces & Flails
 - Level 1.7 Dodging
 - Level 6.0 Stealth
 + Level 0.8 Spellcasting


You had one spell level left.
You didn't know any spells.
Your spell library was empty.

Dungeon Overview and Level Annotations

Branches:
Dungeon (5/15)
 Temple: D:4-7

Altars:


Innate Abilities, Weirdness & Mutations

You cannot be hasted, slowed, berserked, paralysed or teleported.
You can dig through walls and to a lower floor.
You have a pair of large antennae on your head. (SInv)
Your four strong arms can wield two-handed weapons with a shield.


Message History

You hit the rat.
The rat is severely wounded.
The rat bites you but does no damage.
You barely miss the rat.
The rat is moderately wounded.
The rat completely misses you.
You barely miss the rat.
The rat is moderately wounded.
The rat misses you.
You hit the rat.
You kill the rat!
The goblin misses you.
You closely miss the goblin. The goblin hits you but does no damage.
You sock the goblin!
You kill the goblin!
A goblin comes into view. It is wielding a +0 dagger.
Things that are here:
a +0 dagger {!f =f}; a goblin corpse; a rat corpse A frilled lizard comes into view.
There is a stone staircase leading down here.
You climb downwards.
There is a stone staircase leading up here.
You start resting.
Magic restored.
You start resting.
HP restored.
There is a stone staircase leading up here.
You climb upwards.
The gnoll shouts! x2
The gnoll hits you from afar with a +0 halberd!
Found a scroll labelled WACIRCH BOSESO and an amethyst potion.
Found two stone staircases leading up.
There is a stone staircase leading down here.
The gnoll hits you with a +0 club.
Are you sure you want to shaft yourself?
The ball python misses you. The ball python grabs you.
You stop digging.
The ball python constricts you. The gnoll barely misses you.
The gnoll hits you from afar with a +0 halberd!
Ouch! That really hurt!
You die...

# # # #
#. . .
#.#. ..
#... #..
####..###
#..
#<......#
#..
#.......#
..#
#..J....#
#..gg@..#
#...gS..#
#...?...#
#....<..#
#.......#
#.......#
#.......#
#########


You could see 3 gnolls, an endoplasm and a ball python.

Vanquished Creatures
  A goblin (D:2)
  A kobold (D:2)
  A rat (D:2)
3 creatures vanquished.

Notes
Turn   | Place    | Note
-------+----------+-------------------------------------------
     0 | D:5      | petzl the Formicid Delver began the quest for the Orb.
     0 | D:5      | Reached XP level 1. HP: 18/18 MP: 1/1
    85 | D:2      | Slain by a gnoll

Illustrated notes

Levels and vault maps discovered:
D:2:      layout_rooms, basic_altar, chequers_serial_rivers_small_b
D:3:      layout_loops_ring, nicolae_ru_sacrificial_ziggurat,
          nicolae_hepliaklqana_monster_ancestors, ebering_ghost_sewer_f,
          hangedman_decor_growths
D:4:      layout_loops_ring, vehumet_statue, minmay_misc_feat_pillars,
          kennysheep_generic_room_15, uniq_ijyb
D:5:      layout_rooms, grunt_temple_overflow_gold_and_silver,
          kiku_gazebo_garden_becter, serial_shops, nicolae_diamond_shop,
          amcnicky_mini_pool_small, uniq_blork_the_orc

Action                   || total
-------------------------++-------
Melee: Quarterstaff      ||    10
 Abil: Shaft Self        ||     1
Armor: Leather armour    ||     2
Dodge: Dodged            ||     8

Table legend: (Time is in decaauts)
 A = Elapsed time spent in this place.
 B = Non-inter-level travel time spent in this place.
 C = Inter-level travel time spent in this place.
 D = Time resting spent in this place.
 E = Time spent auto-exploring this place.
 F = Levels seen in this place.
 G = Mean time per level.
                   A        B        C        D        E       F      G
               +--------+--------+--------+--------+--------+-----+--------+
         Total |     86 |     86 |      0 |      9 |      0 |   4 |   21.5 |
       Dungeon |     86 |     86 |      0 |      9 |      0 |   4 |   21.5 |
               +--------+--------+--------+--------+--------+-----+--------+

Top non-repeatable levels by time:
     D:3: 49 daAuts
     D:2: 24 daAuts
     D:5: 9 daAuts
     D:4: 3 daAuts
